 Dungeon Crawl Stone Soup version 0.22-a0-258-g34c0b7be20 (webtiles) character file.

9 RedPan the Skirmisher (level 2, -2/24 HPs)
             Began as a Demonspawn Monk on Mar 5, 2018.
             Slain by a gnoll
             ... wielding a +0 spear
              (10 damage)
             ... on level 1 of the Dungeon.
             The game lasted 00:00:27 (254 turns).

RedPan the Skirmisher (Demonspawn Monk)              Turns: 254, Time: 00:00:28

Health: -2/24      AC:  3    Str: 11    XL:     2   Next: 3%
Magic:  2/2        EV: 13    Int: 11    God:
Gold:   43         SH:  0    Dex: 15    Spells: 1/1 levels left

rFire    . . .     SeeInvis .     - Unarmed
rCold    . . .     Gourm    .   (no shield)
rNeg     . . .     Faith    .   a - +0 robe
rPois    .         Spirit   .   (no helmet)
rElec    .         Reflect  .   (no cloak)
rCorr    .         Harm     .   (no gloves)
MR       .....                  (no boots)
Stlth    ++........             (no amulet)
HPRegen  0.08/turn              (no ring)
MPRegen  0.08/turn              (no ring)

@: no status effects
A: rugged brown scales 1
a: no special abilities


You were on level 1 of the Dungeon.
You were not hungry.

You visited 1 branch of the dungeon, and saw 1 of its levels.

You collected 43 gold pieces.

Inventory:

Armour
 a - a +0 robe (worn)
Jewellery
 e - a cursed ring of teleportation {unknown}
Scrolls
 g - a scroll of remove curse {unknown}
Potions
 d - 2 potions of haste {unknown}
 f - a potion of flight {unknown}
Comestibles
 b - 2 rations
 c - 2 chunks of flesh


   Skills:
 - Level 3.0 Fighting
 + Level 3.0 Dodging
 - Level 1.7 Stealth
 + Level 3.0 Unarmed Combat


You had one spell level left.
You didn't know any spells.

Dungeon Overview and Level Annotations

Branches:
Dungeon (1/15)

Altars:


Innate Abilities, Weirdness & Mutations

You are partially covered in rugged brown scales. (AC +1, +3% HP)


Message History

The bat hits you but does no damage. The bat barely misses you.
The bat barely misses you. The bat hits you but does no damage.
The bat closely misses you. The bat barely misses you.
The bat closely misses you. The bat misses you. The bat closely misses you.
Found an escape hatch in the floor.
The bat hits you but does no damage.
You closely miss the bat. The bat hits you but does no damage.
The bat misses you.
You hit the bat.
The bat is severely wounded.
The bat barely misses you. The bat misses you.
The gnoll hits you from afar with a spear!
You closely miss the bat.
The bat is severely wounded.
The bat hits you. The bat closely misses you.
The gnoll hits you from afar with a spear!
You die...

.#..†.##..#..
.....(.........#
...####.......## # .
##.##..... .#.
#........ .>..
#.....### #... #....##
#....##########....####
#..@bgS..#..........
########....)....### ..
#######...#...## ... #
.......S..........
...##.
#.............####
....#!##.#....S#.#..##
......#....###.#.##..#
..........##...#.# ....
........####.###..
.##..


You could see a gnoll, a bat and a ball python.

Vanquished Creatures
  A leopard gecko (D:1)
  A bat (D:1)
  A goblin (D:1)
  2 hobgoblins (D:1)
  A frilled lizard (D:1)
  A kobold (D:1)
7 creatures vanquished.

Notes
Turn   | Place    | Note
-------+----------+-------------------------------------------
     0 | D:1      | RedPan the Demonspawn Monk began the quest for the Orb.
     0 | D:1      | Reached XP level 1. HP: 18/18 MP: 1/1
   234 | D:1      | Gained mutation: You are partially covered in rugged brown scales. (AC +1, +3% HP) [demonic ancestry]
   234 | D:1      | Reached XP level 2. HP: 18/24 MP: 2/2
   254 | D:1      | Slain by a gnoll

Vault maps used:
D:1:      minmay_arrival_checkered_box

Skill      XL: |  1 |
---------------+----+-----
Dodging        | 3 |  3.0
Unarmed Combat | 3 |  3.0
Fighting       | |  3.0
Stealth        | |  1.7

Action                   || total
-------------------------++-------
Melee: Unarmed           ||    30
Armor: Robe              ||    14
Dodge: Dodged            ||    35

Table legend:
 A = Spawn XP
 B = Non-spawn XP
 C = Spawn XP percentage of total XP
 D = Spawn monster count
 E = Non-spawn monster count
 F = Spawn count percentage of total count
 G = Total turns spent on level
                    A         B        C        D         E        F      G
               +---------+---------+-------+---------+---------+-------+---------
         Total |       0 |      13 |   0.0 |       0 |       7 |   0.0 |   254
               +---------+---------+-------+---------+---------+-------+---------
           D:1 |       0 |      13 |   0.0 |       0 |       7 |   0.0 |   254
               +---------+---------+-------+---------+---------+-------+---------
